 Dungeon Sprint DCSS version 0.18-a0-246-gbfa2ae1 (webtiles) character file.

6417 inmateoo the Covert (level 10, -1/88 HPs)
             Began as a Vine Stalker Assassin on Nov 25, 2015.
             Was a High Priest of Dithmenos.
             Slain by an unseen horror (3 damage)
             ... in the Dungeon (Sprint I: "Red Sonja").
             The game lasted 00:05:59 (613 turns).

inmateoo the Covert (Vine Stalker Assassin)          Turns: 613, Time: 00:05:59

Health: -1/88      AC:  5    Str: 26    XL:     10   Next: 98%
Magic:  0/23       EV: 19    Int: 11    God:    Dithmenos [*****.]
Gold:   832        SH:  0    Dex: 19    Spells: 4 memorised, 14 levels left

rFire  . . .     SeeInvis .     a - +2 dagger
rCold  . . .     Clarity  .     c - +0 robe
rNeg   . . .     SustAt   .     (no shield)
rPois  .         Gourm    .     p - +0 helmet
rElec  .         Spirit   +     q - +1 cloak of Kudips {Str+7}
rCorr  .         Warding  .     (no gloves)
rMut   .         NoTele   +     (no boots)
MR     +....                    (no amulet)
Stlth  ..........               (no ring)
                                (no ring)

@: berserking, wreathed by umbra, very quick, somewhat resistant to hostile
enchantments, extremely unstealthy
A: fangs 3, regeneration 2, magic shield, antimagic bite, no device heal 3, rot
immunity
a: Shadow Step, Shadow Form, Renounce Religion


You were in the Dungeon.
You worshipped Dithmenos.
Dithmenos was extremely pleased with you.
You were not hungry.

You visited 1 branch You collected 1220 gold pieces.
You spent 388 gold pieces at shops.

Inventory:

Hand Weapons
 a - a +2 dagger (weapon)
 b - a +0 blowgun
Missiles
 e - 24 poisoned needles
 f - 6 curare-tipped needles
Armour
 c - a +0 robe (worn)
 d - a +0 cloak
 p - a +0 helmet (worn)
 q - the +1 cloak of Kudips (worn) {Str+7}
   (You found it in the Dungeon)

   It affects your strength (+7).
Scrolls
 m - a scroll of blinking
Potions
 h - 3 potions of curing
 j - 2 potions of haste
 k - 2 potions of magic
Books
 o - a book of Hinderance

   Spells                             Type                      Level
   a - Confusing Touch                Hexes                        2
   b - Confuse                        Hexes                        3
   c - Gell's Gravitas                Hexes/Translocation          3
   d - Petrify                        Transmutation/Earth          4
   e - Metabolic Englaciation         Hexes/Ice                    5
   f - Yara's Violent Unravelling     Hexes/Transmutation          5
Comestibles
 g - a bread ration
 i - a royal jelly
 n - a beef jerky


   Skills:
 + Level 9.8 Fighting
 * Level 13.2 Short Blades
 - Level 1.7 Throwing
 + Level 8.9 Dodging
 + Level 13.9 Stealth
 - Level 8.7 Spellcasting
 * Level 6.5 Hexes
 + Level 4.0 Transmutations


You had 14 spell levels left.
You knew the following spells:

 Your Spells              Type           Power        Failure   Level  Hunger
a - Confuse               Hex            ###.....     3%          3    ##.....
b - Petrify               Trmt/Erth      #.......     71%         4    ####...
c - Confusing Touch       Hex            ###...       1%          2    #......
d - Gell's Gravitas       Hex/Tloc       ##........   14%         3    ##.....


Dungeon Overview and Level Annotations

Branches:
Dungeon (1/1)

Altars:
Cheibriados
Dithmenos
Elyvilon
Fedhas
Gozag
Kikubaaqudgha
Makhleb
Nemelex Xobeh
Okawaru
Qazlal
Ru
Sif Muna
Trog
Vehumet
Xom
Yredelemnul
Zin
The Shining One
Jiyva

Shops:
D (:[


Innate Abilities, Weirdness & Mutations

You have razor-sharp teeth.
You heal very quickly.
When hurt, damage is shared between your health and your magic reserves.
Your bite disrupts and absorbs the magic of your enemies.
Potions and wands cannot restore your health.
You are immune to rotting.


Message History

Something hits you but does no damage.
Drink which item? (? for menu, Esc to quit)
Okay, then.
Something hits you. x2
Something misses you. Something barely misses you. Something hits you.
* * * LOW HITPOINT WARNING * * *
Something hits you. Something hits you but does no damage.
Something misses you. Something hits you!
* * * LOW HITPOINT WARNING * * *
Something hits you!
* * * LOW HITPOINT WARNING * * *
Drink which item? (? for menu, Esc to quit)
A red film seems to cover your vision as you go berserk!
You feel yourself moving faster!
You feel mighty! Something hits you!
* * * LOW HITPOINT WARNING * * *
Something closely misses you.
You swing at nothing.
You feel a strong urge to attack something.
Something hits you.
You die...

__##'#..+§≈≈.§§.§#...
..÷'..._#≈§§.)#..#.§§.
._##_.#'##§#####'###.9§
__###'#[#§...###.'.#.§§#
#####.####'###.###.#..##
...'...'..†..'(∩##.#..#
####...###########.#
.####.###.......##§#
.G#.#+#.#.......@+§#
..#.....#+..######§#
.G#...[.#.....§§§#§#
..#######.....§.#'§# .G#
nnn.......≈####
nnn.......≈≈#
#.......≈≈≈##
###..≈≈≈≈### +######+


There were no monsters in sight!

Vanquished Creatures
  2 centaur warriors (D)
  Sonja (D)
  A deep troll (D)
  A lindwurm (D)
  An oklob plant (D)
  2 kobold demonologists (D)
  4 demonic crawlers (D)
  A slime creature (D)
  4 trapdoor spiders (D)
  Sigmund (D)
  A yak (D)
  A wasp (D)
  An ogre (D)
  Ijyb (D)
  8 jellies (D)
  2 giant eyeballs (D)
  A ballistomycete (D)
  A giant spore (D)
34 creatures vanquished.

Vanquished Creatures (others)
  A giant spore (D)
1 creature vanquished.

Grand Total: 35 creatures vanquished

Notes
Turn   | Place    | Note
--------------------------------------------------------------
     0 | D        | inmateoo the Vine Stalker Assassin began the quest for the Orb.
     0 | D        | Reached XP level 1. HP: 11/11 MP: 2/2
     1 | D        | Noticed Ijyb
     4 | D        | Killed Ijyb
     4 | D        | Reached skill level 6 in Stealth
     4 | D        | Reached XP level 2. HP: 16/16 MP: 3/3
     4 | D        | Reached XP level 3. HP: 19/19 MP: 4/4
     6 | D        | Noticed an ogre
     9 | D        | Killed an ogre
     9 | D        | Reached skill level 5 in Short Blades
     9 | D        | Reached skill level 7 in Stealth
     9 | D        | Reached XP level 4. HP: 22/25 MP: 5/5
     9 | D        | Reached XP level 5. HP: 25/29 MP: 6/6
    11 | D        | Noticed Sigmund
    14 | D        | Killed Sigmund
    14 | D        | Reached skill level 5 in Fighting
    14 | D        | Reached skill level 8 in Stealth
    14 | D        | Gained mutation: You heal very quickly. [Vine Stalker growth]
    14 | D        | Reached XP level 6. HP: 30/35 MP: 7/7
    40 | D        | Found a deep blue altar of Sif Muna.
    42 | D        | Found a radiant altar of Vehumet.
    46 | D        | Reached skill level 9 in Stealth
    61 | D        | Found Waurph's Book Emporium.
    61 | D        | Found a white marble altar of Elyvilon.
    61 | D        | Found a stormy altar of Qazlal.
    61 | D        | Found a basalt altar of Yredelemnul.
    61 | D        | Found an iron altar of Okawaru.
    61 | D        | Found a sparkling altar of Nemelex Xobeh.
    61 | D        | Found a shimmering altar of Xom.
    61 | D        | Found an ancient bone altar of Kikubaaqudgha.
    61 | D        | Noticed a yak
    62 | D        | Found a burning altar of Makhleb.
    62 | D        | Found a sacrificial altar of Ru.
    62 | D        | Found a glowing golden altar of the Shining One.
    62 | D        | Found an opulent altar of Gozag.
    62 | D        | Found a glowing silver altar of Zin.
    63 | D        | Killed a yak
    63 | D        | Reached skill level 5 in Dodging
    64 | D        | Found a bloodstained altar of Trog.
    79 | D        | Found a snail-covered altar of Cheibriados.
    79 | D        | Found a viscous altar of Jiyva.
    79 | D        | Found a shadowy altar of Dithmenos.
    79 | D        | Found a blossoming altar of Fedhas.
    79 | D        | Noticed a slime creature
    82 | D        | Killed a slime creature
    82 | D        | Reached skill level 10 in Stealth
    82 | D        | Reached XP level 7. HP: 39/41 MP: 8/8
    84 | D        | Became a worshipper of Dithmenos the Shadowed
    98 | D        | Bought a book of Hinderance for 260 gold pieces
   104 | D        | Noticed Sonja
   143 | D        | Killed Sonja
   143 | D        | Reached skill level 10 in Short Blades
   143 | D        | Reached skill level 11 in Stealth
   143 | D        | Gained mutation: You have razor-sharp teeth. [Vine Stalker growth]
   143 | D        | Reached XP level 8. HP: 44/46 MP: 8/16
   220 | D        | Noticed a centaur warrior
   221 | D        | Noticed a centaur warrior
   240 | D        | Noticed a kobold demonologist
   241 | D        | Noticed a kobold demonologist
   245 | D        | Killed a kobold demonologist
   245 | D        | Reached * piety under Dithmenos
   245 | D        | Reached skill level 5 in Spellcasting
   247 | D        | Killed a kobold demonologist
   247 | D        | Reached XP level 9. HP: 51/51 MP: 16/19
   252 | D        | Noticed a demonic crawler
   252 | D        | Noticed a demonic crawler
   252 | D        | Noticed a demonic crawler
   252 | D        | Noticed a demonic crawler
   254 | D        | Killed a demonic crawler
   255 | D        | Killed a demonic crawler
   255 | D        | Reached ** piety under Dithmenos
   255 | D        | Reached skill level 12 in Stealth
   257 | D        | Killed a demonic crawler
   258 | D        | Killed a demonic crawler
   278 | D        | Noticed a lindwurm
   280 | D        | Killed a lindwurm
   280 | D        | Reached *** piety under Dithmenos
   292 | D        | Noticed a gargoyle
   307 | D        | Learned a level 3 spell: Confuse
   318 | D        | Noticed a deep troll
   322 | D        | Killed a deep troll
   322 | D        | Reached skill level 13 in Stealth
   322 | D        | Reached XP level 10. HP: 56/58 MP: 23/23
   350 | D        | Found Xocoir's Armour Emporium.
   355 | D        | Bought a +0 helmet for 54 gold pieces
   395 | D        | Got a warped cloak
   406 | D        | Identified the +1 cloak of Kudips {Str+7} (You found it in the Dungeon)
   429 | D        | Found Uboggepn's Weapon Boutique.
   437 | D        | Bought 17 poisoned needles for 74 gold pieces
   445 | D        | Learned a level 4 spell: Petrify
   445 | D        | Noticed a shining eye
   445 | D        | Noticed a shining eye
   445 | D        | Noticed a shining eye
   445 | D        | Noticed a shining eye
   445 | D        | Noticed a shining eye
   445 | D        | Noticed a shining eye
   465 | D        | Killed a centaur warrior
   467 | D        | Killed a centaur warrior
   467 | D        | Reached skill level 5 in Hexes
   473 | D        | Learned a level 2 spell: Confusing Touch
   477 | D        | Learned a level 3 spell: Gell's Gravitas
   480 | D        | Reached **** piety under Dithmenos
   490 | D        | Noticed an oklob plant
   492 | D        | Killed an oklob plant
   555 | D        | Reached ***** piety under Dithmenos
   612 | D        | HP: 2/88 [something (6)]
   613 | D        | Slain by an unseen horror

Vault maps used:
D:        dungeon_sprint_1

Action                   |  1- 3 |  4- 6 |  7- 9 | 10-12 || total
-------------------------+-------+-------+-------+-------++-------
Melee: Dagger            |     2 |     4 |     9 |    44 ||    59
 Fire: Blowgun           |       |       |    10 |       ||    10
 Cast: Confuse           |       |       |       |     5 ||     5
  Use: Scroll            |       |       |     1 |     1 ||     2
       Potion            |       |       |       |     1 ||     1
 Stab: Sleeping          |     2 |     4 |     9 |     7 ||    22
       Confused          |       |       |       |     4 ||     4
